Arrhythmia, chaotic female vampiric Convict --- --- ---- ### ## --- --.----.-- |..| # # ---# 0 ---..|---.|........| |..| # .--..----.---....||.......[.).-- |.-- # |)....[.........^..........)%.- |..### # |..-.--------....---....<....... |.| # |.|--- ---. ..u...... |.| |.| ..@...... |.| |.| ........ |.--- |.-- .>.... |...| |..--- .... ---.--- --%...| |...| ----.....| --..---.......-- |........|...| -----....|...----- ---....^.......-- |...............--- |......---..|.|...| ---.---- --- --.-- --- --- Arrhythmia the Jail-bird Experience level: 7 Strength: 12 Dexterity: 14 Constitution: 19 Intelligence: 10 Wisdom: 11 Charisma: 9 Health: 0(74) Energy: 40(40) AC: 3 Gold: 430 Moves: 2157 Your Inventory: Coins $ - 430 gold pieces Weapons f - an [uncursed +0] crude dagger [orcish] Armor o - an [uncursed] +0 elven mithril-coat (being worn) y - a [blessed] +0 hooded cloak [dwarvish] (being worn) z - an [uncursed] +0 pair of hard shoes [iron] (being worn) Scrolls d - an [uncursed] scroll labeled ZELGO MER [of light] k - an [uncursed] scroll labeled ABRA KA DABRA [of identify] u - an [uncursed] scroll labeled HAPAX LEGOMENON [of magic mapping] Potions l - 2 [uncursed] magenta potions [of blindness] Tools e - an [uncursed] credit card s - an [uncursed] partly used [tallow] candle (lit) (0:9) t - an [uncursed] lock pick Gems v - an [uncursed] orange gem [worthless glass] w - an [uncursed] violet gem [worthless glass] Spells known in the end: Name Level Category Fail Memory Your skills at the end: Fighting Skills Weapon Skills sling [Basic / Skilled] Spellcasting Skills Final Attributes: You were piously aligned. Hunger level was 535. Your alignment was 20 / 20. Monster difficulty range was 0 - 6. Level difficulty was 5. You were immune to poison. You were immune to level-drain. You were immune to sickness. You could fly. You could survive without air. You regenerated. Your luck was zero. You are dead. Vanquished creatures: a gnome king 4 gnome lords a gnomish wizard 5 elf zombies 2 straw golems 5 dwarves a giant bat 2 dwarf zombies a werejackal an iguana 3 killer bees an acid blob 2 hobbits a large kobold a yellow mold 17 gnomes 3 garter snakes 2 geckos 3 jackals a kobold 2 goblins a grid bug a kobold zombie a newt 62 creatures vanquished. Voluntary challenges: You went without food. You never hit with a wielded weapon. You read items or engraved 97 times. You put on armor 15 times. You never genocided any monsters. You never polymorphed an object. You never changed form. You used no wishes. You wrote Elbereth's name 65 times. You never encountered a bones level. You never used any Sokoban shortcuts. Dungeon overview: The Dungeons of Doom: levels 1 to 3 Level 1 a long staircase Level 2 a general store, a sink Level 3 a fountain stairs to The Gnomish Mines The Gnomish Mines: levels 4 to 5 Level 4 stairs to The Dungeons of Doom Level 5 <- You were here History has recorded: On T:1 you entered the Dungeons of Doom to retrieve the Amulet of Yendor! On T:259 you advanced to experience level 2. On T:664 you advanced to experience level 3. On T:927 you advanced to experience level 4. On T:1003 you reached level 3 of The Dungeons of Doom. On T:1172 you reached level 1 of The Gnomish Mines. On T:1229 you advanced to experience level 5. On T:1449 you advanced to experience level 6. On T:1660 you reached level 2 of The Gnomish Mines. On T:1766 you advanced to experience level 7. Latest messages: You feed on the lifeblood. The grid bug suddenly seems weaker! The grid bug dies! [HP+1=62] The white unicorn butts! The white unicorn kicks! [HP-7=55] The white unicorn butts! The white unicorn kicks! The white unicorn butts! The white unicorn kicks! [HP-23=32] You miss the white unicorn. You bite the white unicorn. The white unicorn misses. The white unicorn kicks! The white unicorn butts! The white unicorn misses. [HP-17=15] You miss the white unicorn. (2x) The white unicorn butts! The white unicorn kicks! You die... Final status: Goodbye Arrhythmia the Convict... You died in The Gnomish Mines on dungeon level 5 with 2711 points, and 430 pieces of gold, after 2157 moves. You were level 7 with a maximum of 74 hit points when you died.